 Dungeon Crawl Stone Soup version 0.28.0 (webtiles) character file.

Game seed: 14538773771486315678

200 MacCMillion the Poker (level 5, -4/42 HPs)
             Began as a Merfolk Gladiator on Feb 5, 2022.
             Was a Priest of Uskayaw.
             Killed by nerve-wracking pain
             ... invoked by a shadow imp
             ... summoned by Eustachio
              (11 damage)
             ... on level 4 of the Dungeon.
             The game lasted 00:13:33 (4152 turns).

MacCMillion the Poker (Merfolk Gladiator)           Turns: 4152, Time: 00:13:34

Health: -4/42      AC:  8    Str: 14    XL:     5   Next: 78%
Magic:  5/5        EV: 13    Int:  7    God:    Uskayaw [***...]
Gold:   100        SH:  0    Dex: 18    Spells: 4/4 levels left

rFire   + + .      SeeInvis .   a - +0 trident
rCold   + . .      Faith    +   (no shield)
rNeg    . . .      Spirit   .   i - +0 ring mail
rPois   .          Reflect  .   j - +2 helmet of Grace {rF++ rC+}
rElec   .          Harm     .   (no cloak)
rCorr   .          Rampage  .   (no gloves)
Will    .....                   (no boots)
Stlth   +.........              p - amulet of faith
HPRegen 0.14/turn               (no ring)
MPRegen 0.09/turn               (no ring)

@: hasted, very quick
A: (nimble swimmer 2), mertail
a: Renounce Religion, Stomp, Line Pass


You were on level 4 of the Dungeon.
You worshipped Uskayaw.
Uskayaw was noncommittal.
You visited 1 branch of the dungeon, and saw 4 of its levels.

You collected 100 gold pieces.

Inventory:

Hand Weapons
 a - a +0 trident (weapon)
Missiles
 d - 3 throwing nets
 k - 3 javelins
 o - 2 poisoned darts
 q - 5 boomerangs (quivered)
Armour
 c - a +0 helmet
 i - a +0 ring mail (worn)
 j - the +2 helmet of Grace (worn) {rF++ rC+}
   (You found it on level 4 of the Dungeon)

   rF:        It greatly protects you from fire.
   rC:        It protects you from cold.
Jewellery
 p - an amulet of faith (around neck)
Wands
 s - a wand of flame (11)
Scrolls
 e - 2 scrolls of magic mapping {unknown}
 f - a scroll of vulnerability {unknown}
 h - 2 scrolls of immolation {unknown}
 l - a scroll of fog {unknown}
 m - a scroll of holy word {unknown}
 n - a scroll of brand weapon
 r - a scroll of silence
 u - a scroll of enchant weapon
Potions
 g - a potion of curing
 t - a potion of attraction {unknown}
 v - a potion of flight {unknown}
 w - a potion of invisibility {unknown}


   Skills:
 + Level 3.7 Fighting
 + Level 5.9 Polearms
 + Level 3.3 Throwing
 + Level 5.3 Dodging


You had 4 spell levels left.
You didn't know any spells.
Your spell library was empty.

Dungeon Overview and Level Annotations

Branches:
Dungeon (4/15)
 Temple: D:4-7

Altars:
Okawaru
Uskayaw

Shops:
D:2 [

Annotations:
D:2 Sigmund
D:3 Ijyb, Terence
D:4 Eustachio


Innate Abilities, Weirdness & Mutations

((You are very nimble when in or above water. (Stealth+, EV+, Speed+++)))
Your lower body shifts to a powerful aquatic tail in water.


Message History

Eustachio is heavily wounded.
The bat barely misses you.
Eustachio zaps a wand.
The puff of flame hits you. You resist.
The shadow imp hits you but does no damage.
The white imp closely misses you.
You hit Eustachio.
Eustachio is heavily wounded.
The bat barely misses you.
Eustachio casts a spell.
The shadow imp hits you. The white imp gestures at you.
The puff of frost hits you. You resist.
Uskayaw will force your foes to helplessly watch your dance.
Uskayaw prepares the audience for your solo!
The helpless Eustachio fails to defend himself.
You hit Eustachio.
Eustachio is severely wounded.
The bat is no longer paralysed.
The white imp is no longer paralysed.
The shadow imp is no longer paralysed.
The bat is no longer paralysed.
The rat is no longer paralysed.
The river rat is no longer paralysed.
Eustachio is no longer paralysed.
The bat barely misses you. x2
Eustachio hits you with a +0 falchion. The shadow imp barely misses you.
The white imp gestures at you. The puff of frost hits you. You resist.
* * * LOW HITPOINT WARNING * * *
The bat hits you but does no damage.
You hit Eustachio but do no damage.
Eustachio is severely wounded.
The bat hits you but does no damage. Eustachio closely misses you.
The shadow imp hits you.
* * * LOW HITPOINT WARNING * * *
The white imp barely misses you.
The river rat bites you but does no damage.
The bat hits you but does no damage.
You feel yourself speed up. The bat closely misses you.
Eustachio casts a spell.
Eustachio blinks!
The shadow imp gestures at you. Pain shoots through your body!
You die...

#####b##......#
#.....5@.5....#
#...>.###'##..#
#.##..##..##..#
# #..##..#...#
...#...#...#
....+...#...#
.....##'###r§#
..##..##..##@r#
...
#..##...5b5#
.........b.#
...........#
....###+##..#
....##..##.@#
... #...#...#
8. ##..#...#
#..##..#


You could see Eustachio, a river rat (summoned), a white imp (summoned), a
shadow imp (summoned), 2 bats and a rat (summoned).

Vanquished Creatures
  A jelly (D:4)
  Jessica (D:3)
  A gnoll (D:4)
  7 adders
  2 dart slugs
  An orc (D:3)
  8 ball pythons
  12 endoplasms
  4 giant cockroaches
  5 goblins
  4 hobgoblins
  2 jackals (D:4)
  7 kobolds
  A quokka (D:1)
  4 bats
  3 frilled lizards (D:1)
  4 rats
67 creatures vanquished.

Notes
Turn   | Place    | Note
-------+----------+-------------------------------------------
     0 | D:1      | MacCMillion the Merfolk Gladiator began the quest for the
                  | Orb.
     0 | D:1      | Reached XP level 1. HP: 16/16 MP: 1/1
   348 | D:1      | Reached XP level 2. HP: 23/23 MP: 2/2
  1090 | D:1      | Reached XP level 3. HP: 24/28 MP: 3/3
  1589 | D:2      | Reached skill level 5 in Polearms
  1720 | D:2      | Noticed Sigmund
  2168 | D:2      | Reached XP level 4. HP: 34/35 MP: 4/4
  2647 | D:2      | Found Sorita's Antique Armour Shoppe.
  3103 | D:3      | Noticed Terence
  3375 | D:3      | Noticed Jessica
  3385 | D:3      | Killed Jessica
  3386 | D:3      | Reached skill level 5 in Dodging
  3400 | D:3      | Reached XP level 5. HP: 41/41 MP: 5/5
  3488 | D:3      | Found a faded altar of an unknown god.
  3546 | D:3      | Noticed Ijyb
  3560 | D:3      | Prayed at the altar of an unknown god.
  3560 | D:3      | Became a worshipper of Uskayaw the Reveller
  3560 | D:3      | Reached * piety under Uskayaw
  3588 | D:4      | Reached ** piety under Uskayaw
  3735 | D:4      | Identified the +2 helmet of Grace {rF++ rC+}
  3840 | D:4      | Found an iron altar of Okawaru.
  4031 | D:4      | Noticed Eustachio
  4149 | D:4      | Reached *** piety under Uskayaw
  4152 | D:4      | Killed from afar by a shadow imp

Illustrated notes

Levels and vault maps discovered:
D:1:      ebering_trefoil_twist, layout_basic
D:2:      layout_basic, serial_shops, nicolae_shop_behind_doors,
          minmay_fountain_box, nrook_uturn, uniq_sigmund
D:3:      layout_loops_ring, ebering_ecumenical_altar_webs, uniq_jessica,
          uniq_ijyb, uniq_terence
D:4:      layout_gridville, okawaru_altar_gauntlet_db, slow_altar_2,
          serial_shops, kennysheep_mini, uniq_eustachio

Skill      XL: |  1  2  3  4 |
---------------+-------------+-----
Polearms       | 5 |  5.9
Fighting       | 3 |  3.7
Dodging        | 5 |  5.3
Throwing       | 3 |  3.3

Action                   |  1- 3 |  4- 6 || total
-------------------------+-------+-------++-------
Melee: Trident           |   138 |   153 ||   291
       Punch             |     1 |     4 ||     5
Throw: Throwing net      |     1 |       ||     1
  Use: Scroll            |       |     6 ||     6
       Potion            |       |     2 ||     2
 Stab: Paralysed         |       |     1 ||     1
Armor: Leather armour    |    12 |       ||    12
       Ring mail         |    25 |    64 ||    89
Dodge: Dodged            |    74 |   115 ||   189
